Workbook

Sheet PLANILLA NOMINA
A1: PLANILLA PARA EL PAGO DE NÓMINA
A2: Forma de Pago | C2: Mensual | D2: 30 | E2: Período de Pago | G2: 1 al 30 de abril 2026 | K2: Fecha de Elaboración
A3: ITEM | B3: DATOS BÁSICOS DE NÓMINA | E3: DEVENGADOS DE NÓMINA | K3: DEDUCCIONES | R3: TOTAL NETO A PAGAR
B4: NOMBRES Y APELLIDOS | C4: BASICO MENSUAL | D4: DIAS TRAB. | E4: SALARIO BÁSICO | F4: AUXILIO DE TRANSPORTE | G4: HORAS EXTRAS | H4: OTROS PAGOS LABORALES | I4: OSTROS PAGOS NO LABORALES | J4: TOTAL DEVENGADO | K4: EPS | L4: AFP | M4: PRESTAMOS | N4: EMBARGOS | O4: FONDO DE EMPLEADOS Y COOP. | P4: OTRAS DEDUCCIONES | Q4: TOTAL DEDUCCIONES
K5: 0.04 | L5: 0.04
A6: 1 | E6: =C6/30*D6 -> 0 | F6: =IF(C6<=2*R20,R21/30*D6,0) -> 0 | G6: =+'HORAS EXTRAS Y RECARGOS'!X6 -> 0 | J6: =SUM(E6:I6) -> 0 | K6: =(C6/30*$D$2+G6+H6)*$K$5 -> 0 | L6: =+K5:K6 -> 0 | Q6: =SUM(K6:P6) -> 0 | R6: =+J6-Q6 -> 0
A7: 2 | E7: =C7/30*D7 -> 0 | F7: =IF(C7<=2*R21,R22/30*D7,0) -> 0 | G7: =+'HORAS EXTRAS Y RECARGOS'!X7 -> 0 | J7: =SUM(E7:I7) -> 0 | K7: =(C7/30*$D$2+G7+H7)*$K$5 -> 0 | L7: =+K6:K7 -> 0 | Q7: =SUM(K7:P7) -> 0 | R7: =+J7-Q7 -> 0
A8: 3 | E8: =C8/30*D8 -> 0 | F8: =IF(C8<=2*R22,R23/30*D8,0) -> 0 | G8: =+'HORAS EXTRAS Y RECARGOS'!X8 -> 0 | J8: =SUM(E8:I8) -> 0 | K8: =(C8/30*$D$2+G8+H8)*$K$5 -> 0 | L8: =+K7:K8 -> 0 | Q8: =SUM(K8:P8) -> 0 | R8: =+J8-Q8 -> 0
A9: 4 | E9: =C9/30*D9 -> 0 | F9: =IF(C9<=2*R23,R24/30*D9,0) -> 0 | G9: =+'HORAS EXTRAS Y RECARGOS'!X9 -> 0 | J9: =SUM(E9:I9) -> 0 | K9: =(C9/30*$D$2+G9+H9)*$K$5 -> 0 | L9: =+K8:K9 -> 0 | Q9: =SUM(K9:P9) -> 0 | R9: =+J9-Q9 -> 0
A10: 5 | E10: =C10/30*D10 -> 0 | F10: =IF(C10<=2*R24,R25/30*D10,0) -> 0 | G10: =+'HORAS EXTRAS Y RECARGOS'!X10 -> 0 | J10: =SUM(E10:I10) -> 0 | K10: =(C10/30*$D$2+G10+H10)*$K$5 -> 0 | L10: =+K9:K10 -> 0 | Q10: =SUM(K10:P10) -> 0 | R10: =+J10-Q10 -> 0
A11: 6 | E11: =C11/30*D11 -> 0 | F11: =IF(C11<=2*R25,R26/30*D11,0) -> 0 | G11: =+'HORAS EXTRAS Y RECARGOS'!X11 -> 0 | J11: =SUM(E11:I11) -> 0 | K11: =(C11/30*$D$2+G11+H11)*$K$5 -> 0 | L11: =+K10:K11 -> 0 | Q11: =SUM(K11:P11) -> 0 | R11: =+J11-Q11 -> 0
A12: 7 | E12: =C12/30*D12 -> 0 | F12: =IF(C12<=2*R26,R27/30*D12,0) -> 0 | G12: =+'HORAS EXTRAS Y RECARGOS'!X12 -> 0 | J12: =SUM(E12:I12) -> 0 | K12: =(C12/30*$D$2+G12+H12)*$K$5 -> 0 | L12: =+K11:K12 -> 0 | Q12: =SUM(K12:P12) -> 0 | R12: =+J12-Q12 -> 0
A13: 8 | E13: =C13/30*D13 -> 0 | F13: =IF(C13<=2*R27,R28/30*D13,0) -> 0 | G13: =+'HORAS EXTRAS Y RECARGOS'!X13 -> 0 | J13: =SUM(E13:I13) -> 0 | K13: =(C13/30*$D$2+G13+H13)*$K$5 -> 0 | L13: =+K12:K13 -> 0 | Q13: =SUM(K13:P13) -> 0 | R13: =+J13-Q13 -> 0
A14: 9 | E14: =C14/30*D14 -> 0 | F14: =IF(C14<=2*R28,R29/30*D14,0) -> 0 | G14: =+'HORAS EXTRAS Y RECARGOS'!X14 -> 0 | J14: =SUM(E14:I14) -> 0 | K14: =(C14/30*$D$2+G14+H14)*$K$5 -> 0 | L14: =+K13:K14 -> 0 | Q14: =SUM(K14:P14) -> 0 | R14: =+J14-Q14 -> 0
A15: 10 | E15: =C15/30*D15 -> 0 | F15: =IF(C15<=2*R29,R30/30*D15,0) -> 0 | G15: =+'HORAS EXTRAS Y RECARGOS'!X15 -> 0 | J15: =SUM(E15:I15) -> 0 | K15: =(C15/30*$D$2+G15+H15)*$K$5 -> 0 | L15: =+K14:K15 -> 0 | Q15: =SUM(K15:P15) -> 0 | R15: =+J15-Q15 -> 0
A16: TOTALES | C16: =SUM(C6:C15) -> 0 | E16: =SUM(E6:E15) -> 0 | F16: =SUM(F6:F15) -> 0 | G16: =SUM(G6:G15) -> 0 | H16: =SUM(H6:H15) -> 0 | I16: =SUM(I6:I15) -> 0 | J16: =SUM(J6:J15) -> 0 | K16: =SUM(K6:K15) -> 0 | L16: =SUM(L6:L15) -> 0 | ... R16: =SUM(R6:R15) -> 0
A18: DEVENGADOS (5105) | E18: DEDUCCIONES (2370) | H18: Aportante con excepción de Parafiscales y Salud | M18: PROVISIONES PREST. SOCIALES
A19: CONCEPTO | C19: VALOR | E19: CONCEPTO | F19: VALOR | H19: CONCEPTO | J19: % | K19: VALOR | M19: CONCEPTO | N19: % | O19: VALOR
A20: BASICO QUINCENAL | C20: =+E16 -> 0 | E20: EPS | F20: =+K16 -> 0 | H20: SENA | J20: 0.02 | K20: =+($C$16/30*$D$2+$G$16+$H$16)*J20 -> 0 | M20: PRIMA | N20: 0.0833 | O20: =+N($C$16/30*$D$2+$G$16+$F$16+$H$6)*N20 -> 0 | P20: Salario minimo mensual año 2026 | R20: 1750905
A21: AUXILIO DE TRANSP | C21: =+F16 -> 0 | E21: AFP | F21: =+L16 -> 0 | H21: ICBF | J21: 0.03 | K21: =+($C$16/30*$D$2+$G$16+$H$16)*J21 -> 0 | M21: CESANTIAS | N21: 0.0833 | O21: =+N($C$16/30*$D$2+$G$16+$F$16+$H$6)*N21 -> 0 | P21: Auxilio de transporte año 2026 | R21: 249095
A22: HORAS EXTRAS D/N/F | C22: =+'HORAS EXTRAS Y RECARGOS'!E16+'HORAS EXTRAS Y RECARGOS'!H16+'HORAS EXTRAS Y RECARGOS'!N16+'HORAS EXTRAS Y RECARGOS'!Q16 -> 0 | E22: PRESTAMOS | F22: 0 | H22: CAJA DE COMPENS. | J22: 0.04 | K22: =+($C$16/30*$D$2+$G$16+$H$16)*J22 -> 0 | M22: INT. CES. | N22: 0.01 | O22: =+N($C$16/30*$D$2+$G$16+$F$16+$H$6)*N22 -> 0 | P22: Horas trabajadas al mes | R22: 220
A23: REC. NOCTURNO | C23: =+'HORAS EXTRAS Y RECARGOS'!T16+'HORAS EXTRAS Y RECARGOS'!K16 -> 0 | E23: EMBARGOS | F23: =+N16 -> 0 | H23: EPS | J23: 0.085 | K23: =+($C$16/30*$D$2+$G$16+$H$16)*J23 -> 0 | M23: VACACIONES | N23: 0.0417 | O23: =+N($C$16/30*$D$2)*N23 -> 0 | P23: Observación
A24: REC. FESTIVO | C24: =+'HORAS EXTRAS Y RECARGOS'!W16 -> 0 | E24: FONDO DE EMPL. | F24: 0 | H24: AFP | J24: 0.12 | K24: =+($C$16/30*$D$2+$G$16+$H$16)*J24 -> 0 | M24: DOTACION | O24: 75000
A25: COMISIONES | E25: COOPERATIVAS | F25: =+O16 -> 0 | H25: ARL | J25: 0.00522 | K25: =+($C$16/30*$D$2+$G$16+$H$16-C27)*J25 -> 0
A26: BONIFICACIONES | E26: OTRAS DEDUCC. | F26: 0
A27: INCAPACIDADES
A28: AUXILIOS
A29: OTROS DEVENGADOS
A30: TOTAL DEVENGADOS | C30: =SUM(C20:D29) -> 0 | E30: TOTAL DEDUCC. | F30: =SUM(F20:G29) -> 0 | H30: TOTAL APORTES EMPLEADOR | K30: =SUM(K20:L29) -> 0 | M30: TOTAL PROVISIONES | O30: =SUM(O20:O29) -> 75000
A31: Elaborado por: | I31: Revisado por:
O35: =+O30+K30+C30 -> 75000

Sheet HORAS EXTRAS Y RECARGOS
A1: PLANILLA PARA EL PAGO DE HORAS EXTRAS Y RECARGOS
A4: EMPLEADO | B4: BASICO MES | C4: HED | F4: HEN | I4: HRN | L4: HED-DF | O4: HEN-DF | R4: HRN-DF | U4: HRDF | X4: TOTAL GENERAL
C5: CANTIDAD | D5: FACTOR | E5: TOTAL | F5: CANTIDAD | G5: FACTOR | H5: TOTAL | I5: CANTIDAD | J5: FACTOR | K5: TOTAL | L5: CANTIDAD | M5: FACTOR | N5: TOTAL | O5: CANTIDAD | P5: FACTOR | Q5: TOTAL | R5: CANTIDAD | S5: FACTOR | T5: TOTAL | U5: CANTIDAD | V5: FACTOR | W5: TOTAL
A6: ='PLANILLA NOMINA'!B6 -> 0 | B6: ='PLANILLA NOMINA'!C6 -> 0 | D6: 1.25 | E6: =B6*C6*$D$6/220 -> 0 | G6: 1.75 | H6: =B6*F6*$G$6/220 -> 0 | J6: 0.35 | K6: =B6*I6*$J$6/220 -> 0 | M6: 2.05 | N6: =B6*L6*$M$6/220 -> 0 | P6: 2.55 | Q6: =B6*O6*$P$6/220 -> 0 | S6: 1.15 | T6: =B6*R6*$S$6/220 -> 0 | V6: 1.8 | W6: =B6*U6*$V$6/220 -> 0 | X6: =SUM(E6,H6,K6,N6,Q6,T6,W6) -> 0
A7: ='PLANILLA NOMINA'!B7 -> 0 | B7: ='PLANILLA NOMINA'!C7 -> 0 | E7: =B7*C7*$D$6/220 -> 0 | H7: =B7*F7*$G$6/220 -> 0 | K7: =B7*I7*$J$6/220 -> 0 | N7: =B7*L7*$M$6/220 -> 0 | Q7: =B7*O7*$P$6/220 -> 0 | T7: =B7*R7*$S$6/220 -> 0 | W7: =B7*U7*$V$6/220 -> 0 | X7: =SUM(E7,H7,K7,N7,Q7,T7,W7) -> 0
A8: ='PLANILLA NOMINA'!B8 -> 0 | B8: ='PLANILLA NOMINA'!C8 -> 0 | E8: =B8*C8*$D$6/220 -> 0 | H8: =B8*F8*$G$6/220 -> 0 | K8: =B8*I8*$J$6/220 -> 0 | N8: =B8*L8*$M$6/220 -> 0 | Q8: =B8*O8*$P$6/220 -> 0 | T8: =B8*R8*$S$6/220 -> 0 | W8: =B8*U8*$V$6/220 -> 0 | X8: =SUM(E8,H8,K8,N8,Q8,T8,W8) -> 0
A9: ='PLANILLA NOMINA'!B9 -> 0 | B9: ='PLANILLA NOMINA'!C9 -> 0 | E9: =B9*C9*$D$6/220 -> 0 | H9: =B9*F9*$G$6/220 -> 0 | K9: =B9*I9*$J$6/220 -> 0 | N9: =B9*L9*$M$6/220 -> 0 | Q9: =B9*O9*$P$6/220 -> 0 | T9: =B9*R9*$S$6/220 -> 0 | W9: =B9*U9*$V$6/220 -> 0 | X9: =SUM(E9,H9,K9,N9,Q9,T9,W9) -> 0
A10: ='PLANILLA NOMINA'!B10 -> 0 | B10: ='PLANILLA NOMINA'!C10 -> 0 | E10: =B10*C10*$D$6/220 -> 0 | H10: =B10*F10*$G$6/220 -> 0 | K10: =B10*I10*$J$6/220 -> 0 | N10: =B10*L10*$M$6/220 -> 0 | Q10: =B10*O10*$P$6/220 -> 0 | T10: =B10*R10*$S$6/220 -> 0 | W10: =B10*U10*$V$6/220 -> 0 | X10: =SUM(E10,H10,K10,N10,Q10,T10,W10) -> 0
A11: ='PLANILLA NOMINA'!B11 -> 0 | B11: ='PLANILLA NOMINA'!C11 -> 0 | E11: =B11*C11*$D$6/220 -> 0 | H11: =B11*F11*$G$6/220 -> 0 | K11: =B11*I11*$J$6/220 -> 0 | N11: =B11*L11*$M$6/220 -> 0 | Q11: =B11*O11*$P$6/220 -> 0 | T11: =B11*R11*$S$6/220 -> 0 | W11: =B11*U11*$V$6/220 -> 0 | X11: =SUM(E11,H11,K11,N11,Q11,T11,W11) -> 0
A12: ='PLANILLA NOMINA'!B12 -> 0 | B12: ='PLANILLA NOMINA'!C12 -> 0 | E12: =B12*C12*$D$6/220 -> 0 | H12: =B12*F12*$G$6/220 -> 0 | K12: =B12*I12*$J$6/220 -> 0 | N12: =B12*L12*$M$6/220 -> 0 | Q12: =B12*O12*$P$6/220 -> 0 | T12: =B12*R12*$S$6/220 -> 0 | W12: =B12*U12*$V$6/220 -> 0 | X12: =SUM(E12,H12,K12,N12,Q12,T12,W12) -> 0
A13: ='PLANILLA NOMINA'!B13 -> 0 | B13: ='PLANILLA NOMINA'!C13 -> 0 | E13: =B13*C13*$D$6/220 -> 0 | H13: =B13*F13*$G$6/220 -> 0 | K13: =B13*I13*$J$6/220 -> 0 | N13: =B13*L13*$M$6/220 -> 0 | Q13: =B13*O13*$P$6/220 -> 0 | T13: =B13*R13*$S$6/220 -> 0 | W13: =B13*U13*$V$6/220 -> 0 | X13: =SUM(E13,H13,K13,N13,Q13,T13,W13) -> 0
A14: ='PLANILLA NOMINA'!B14 -> 0 | B14: ='PLANILLA NOMINA'!C14 -> 0 | E14: =B14*C14*$D$6/220 -> 0 | H14: =B14*F14*$G$6/220 -> 0 | K14: =B14*I14*$J$6/220 -> 0 | N14: =B14*L14*$M$6/220 -> 0 | Q14: =B14*O14*$P$6/220 -> 0 | T14: =B14*R14*$S$6/220 -> 0 | W14: =B14*U14*$V$6/220 -> 0 | X14: =SUM(E14,H14,K14,N14,Q14,T14,W14) -> 0
A15: ='PLANILLA NOMINA'!B15 -> 0 | B15: ='PLANILLA NOMINA'!C15 -> 0 | E15: =B15*C15*$D$6/220 -> 0 | H15: =B15*F15*$G$6/220 -> 0 | K15: =B15*I15*$J$6/220 -> 0 | N15: =B15*L15*$M$6/220 -> 0 | Q15: =B15*O15*$P$6/220 -> 0 | T15: =B15*R15*$S$6/220 -> 0 | W15: =B15*U15*$V$6/220 -> 0 | X15: =SUM(E15,H15,K15,N15,Q15,T15,W15) -> 0
A16: TOTALES | E16: =SUM(E6:E15) -> 0 | H16: =SUM(H6:H15) -> 0 | K16: =SUM(K6:K15) -> 0 | N16: =SUM(N6:N15) -> 0 | Q16: =SUM(Q6:Q15) -> 0 | T16: =SUM(T6:T15) -> 0 | W16: =SUM(W6:W15) -> 0 | X16: =SUM(X6:X15) -> 0

Sheet Calculos
B3: DIA | C3: MA | D3: MI | E3: JU | F3: VI | G3: SA | H3: DO | I3: LU | J3: MA | K3: MI | L3: JU | M3: VI | N3: SA | O3: DO | P3: LU | Q3: MA | R3: TOTAL
C4: 16 | D4: 17 | E4: 18 | F4: 19 | G4: 20 | H4: 21 | I4: 22 | J4: 23 | K4: 24 | L4: 25 | M4: 26 | N4: 27 | O4: 28 | P4: 29 | Q4: 30
A5: 10PM y 6 AM | B5: HORAS TRABAJADAS POR DIA | C5: 7.83 | D5: 8 | E5: 8 | F5: 8 | G5: 7 | H5: 8 | I5: 8 | J5: 8 | K5: 8 | L5: 8 | M5: 8 | N5: 7 | O5: 8 | P5: 8 | Q5: 8 | R5: =SUM(C5:Q5) -> 117.83
A6: 0.35 | B6: HRN | H6: 8 | I6: 8 | J6: 8 | K6: 8 | L6: 8 | M6: 8 | N6: 2 | O6: 8 | P6: 8 | Q6: 8 | R6: =SUM(C6:Q6) -> 74 | T6: 235 | U6: mes
A7: 1.1 | B7: HRNDF | N7: 5 | R7: =SUM(C7:Q7) -> 5 | T7: =+T6/2 -> 117.5 | U7: 1 quincena
T8: 108
C9: 1 | D9: 1 | T9: =+T7-R7 -> 112.5
C10: 1 | D10: 0.35
